 Dungeon Crawl Stone Soup version 0.28-a0-10-g964c8b829e (webtiles) character file.

Game seed: 859855627857389928

3798 Susucr the Cleaver (level 9, 0/81 HPs)
             Began as a Minotaur Fighter on July 25, 2021.
             Was an Elder of Trog.
             Slain by PeterMcNeter's ghost (1 damage)
             ... on level 8 of the Dungeon.
             The game lasted 00:38:24 (8894 turns).

Susucr the Cleaver (Minotaur Fighter)               Turns: 8894, Time: 00:38:24

Health: 0/81       AC: 14    Str: 23    XL:     9   Next: 96%
Magic:  8/8        EV:  6    Int:  5    God:    Trog [****..]
Gold:   351        SH: 11    Dex: 11    Spells: 8/8 levels left

rFire   . . .      SeeInvis .   a - +2 war axe
rCold   . . .      Faith    .   c - +0 kite shield
rNeg    + . .      Spirit   .   A - +0 plate armour
rPois   .          Reflect  .   (helmet restricted)
rElec   .          Harm     .   (no cloak)
rCorr   .          Rampage  .   (no gloves)
Will    .....      Rnd*Rage +   (no boots)
Stlth   ..........              (no amulet)
HPRegen 0.23/turn               l - ring of positive energy
MPRegen 0.11/turn               (no ring)

@: slowed, very slow
A: horns 2, retaliatory headbutt, hooves 1, berserk 1
a: Renounce Religion, Berserk, Trog's Hand, Brothers in Arms


You were on level 8 of the Dungeon.
You worshipped Trog.
Trog was greatly pleased with you.
You visited 2 branches of the dungeon, and saw 9 of its levels.

You collected 433 gold pieces.
You spent 82 gold pieces at shops.

Inventory:

Hand Weapons
 a - a +2 war axe (weapon)
 b - a +0 vorpal hand axe
Missiles
 j - a curare-tipped dart
 w - 7 atropa-tipped darts (quivered)
Armour
 c - a +0 kite shield (worn)
 A - a +0 plate armour (worn)
Jewellery
 g - a ring of poison resistance
 l - a ring of positive energy (left hand)
 m - a ring of magical power
Scrolls
 e - 4 scrolls of identify
 f - a scroll of amnesia {unknown}
 i - a scroll of enchant armour {unknown}
 o - 2 scrolls of fear
 q - 6 scrolls of teleportation {unknown}
 s - a scroll of immolation {unknown}
 t - a scroll of magic mapping {unknown}
 u - a scroll of blinking {unknown}
 y - a scroll of vulnerability {unknown}
Potions
 d - 2 potions of might
 h - a potion of attraction {unknown}
 k - a potion of cancellation {unknown}
 n - a potion of lignification {unknown}
 p - a potion of invisibility {unknown}
 r - a potion of magic {unknown}
 v - a potion of curing {unknown}
 x - a potion of resistance {unknown}
 z - 2 potions of mutation
 B - 2 potions of haste {unknown}


   Skills:
 + Level 7.9 Fighting
 + Level 10.6 Axes
 + Level 9.6 Armour
 + Level 2.3 Dodging
 + Level 0.4 Stealth
 + Level 7.7 Shields


You had 8 spell levels left.
You didn't know any spells.
Your spell library contained the following spells:

 Spells                   Type           Power      Damage    Failure   Level
 Petrify                  Tmut/Erth      0%         N/A       100%        4
 Metabolic Englaciation   Hex/Ice        0%         N/A       100%        5
 Statue Form              Tmut/Erth      0%         N/A       100%        6


Dungeon Overview and Level Annotations

Branches:
Dungeon (8/15)             Temple (1/1) D:6
   Lair: D:8-11

Altars:
Ashenzari
Cheibriados
Dithmenos
Elyvilon
Fedhas
Gozag
Hepliaklqana
Kikubaaqudgha
Makhleb
Nemelex Xobeh
Okawaru
Qazlal
Ru
Sif Muna
Trog
Uskayaw
Vehumet
Wu Jian
Xom
Yredelemnul
Zin
The Shining One

Shops:
D:4 *   D:6 *   D:8 [

Annotations:
D:8 PeterMcNeter's ghost, novice GnFi


Innate Abilities, Weirdness & Mutations

You have a pair of horns on your head.
You reflexively headbutt those who attack you in melee.
You have large cloven feet.
You tend to lose your temper in combat.


Message History

PeterMcNeter's ghost burns you.
* * * LOW HITPOINT WARNING * * *
You slash PeterMcNeter's ghost!
You kick PeterMcNeter's ghost, but do no damage.
PeterMcNeter's ghost is heavily damaged.
PeterMcNeter's ghost hits you.
* * * LOW HITPOINT WARNING * * *
PeterMcNeter's ghost burns you.
* * * LOW HITPOINT WARNING * * *
You slash PeterMcNeter's ghost! Your kick misses PeterMcNeter's ghost.
You headbutt PeterMcNeter's ghost.
PeterMcNeter's ghost is severely damaged.
PeterMcNeter's ghost hits you!
* * * LOW HITPOINT WARNING * * *
PeterMcNeter's ghost burns you.
* * * LOW HITPOINT WARNING * * *
You block PeterMcNeter's ghost's attack.
You closely miss PeterMcNeter's ghost.
You kick PeterMcNeter's ghost, but do no damage.
PeterMcNeter's ghost is severely damaged.
You block PeterMcNeter's ghost's attack. x2
You hit PeterMcNeter's ghost but do no damage.
Your kick misses PeterMcNeter's ghost.
PeterMcNeter's ghost is severely damaged.
PeterMcNeter's ghost hits you but does no damage.
PeterMcNeter's ghost barely misses you. You furiously retaliate!
You headbutt PeterMcNeter's ghost.
You hit PeterMcNeter's ghost but do no damage.
Your headbutt misses PeterMcNeter's ghost.
PeterMcNeter's ghost is severely damaged.
You block PeterMcNeter's ghost's attack.
You closely miss PeterMcNeter's ghost.
Your headbutt misses PeterMcNeter's ghost.
PeterMcNeter's ghost is severely damaged.
PeterMcNeter's ghost hits you but does no damage.
PeterMcNeter's ghost says, "You can hit me, but you can't hurt me."
PeterMcNeter's ghost hits you.
* * * LOW HITPOINT WARNING * * *
PeterMcNeter's ghost burns you.
You die...

.#
#...#.......≈.......#########
.# ##.##.<.....)#......# .#
#.#........##......# .#
#...#.#.#..##......# .#
##.#........##......#
.####..#.#.#.#..#########
..#..............#.#.#.#
..#.#..#.#.#.#...#.....#
..#.#..#........@W....8#
..#.##.#..#..##..'...!.#
..#......##.###..'...(8#
#.####.###.......#....$#
#................#.#.#.#
##.###.##......≈(#######
##..##.##.........≈≈≈.#
.##.##.##.........≈≈..#
###.##.##........≈≈≈..########


You could see PeterMcNeter's ghost.

Vanquished Creatures
  Joseph (D:7)
  3 wraiths (D:8)
  A shadow (D:7)
  A wyvern (D:7)
  A sky beast (D:7)
  A black bear (D:5)
  3 orc warriors
  2 ice beasts
  2 necrophages
  4 ogres
  2 centaurs
  A phantom (D:6)
  3 kobold brigands
  4 bullfrogs
  A gnoll sergeant (D:5)
  2 water moccasin zombies
  A bullfrog zombie (D:6)
  An orc priest (D:5)
  2 jellies
  2 centaur skeletons
  3 iguanas (D:5)
  7 orc wizards
  A hound skeleton (D:5)
  A howler monkey zombie (D:5)
  4 gnolls (D:5)
  8 adders
  A shadow imp (D:5)
  An ufetubus (D:4)
  2 worms
  20 orcs
  5 bats
  9 endoplasms
  2 giant cockroaches (D:1)
  8 goblins
  9 hobgoblins
  8 jackals
  37 kobolds
  3 quokkas
  4 ball pythons
  4 frilled lizards
  11 rats
186 creatures vanquished.

Vanquished Creatures (others)
  A kobold (D:4)
  33 plants (D:4)
34 creatures vanquished.

Grand Total: 220 creatures vanquished

Notes
Turn   | Place    | Note
-------+----------+-------------------------------------------
     0 | D:1      | Susucr the Minotaur Fighter began the quest for the Orb.
     0 | D:1      | Reached XP level 1. HP: 19/19 MP: 0/0
   157 | D:1      | Reached XP level 2. HP: 27/27 MP: 1/1
   613 | D:1      | Reached XP level 3. HP: 32/33 MP: 2/2
   768 | D:2      | Found a bloodstained altar of Trog.
   790 | D:2      | Became a worshipper of Trog the Wrathful
  1052 | D:2      | Reached skill level 3 in Axes
  1309 | D:3      | Found a faded altar of an unknown god.
  1325 | D:3      | Reached * piety under Trog
  1373 | D:3      | Reached XP level 4. HP: 31/41 MP: 3/3
  1396 | D:3      | Reached skill level 4 in Axes
  1565 | D:3      | Reached XP level 5. HP: 29/47 MP: 4/4
  1701 | D:3      | Noticed an ogre
  1715 | D:3      | Noticed a necrophage
  1724 | D:3      | Killed an ogre
  1731 | D:3      | Killed a necrophage
  1732 | D:3      | Reached skill level 5 in Fighting
  1732 | D:3      | Reached skill level 5 in Axes
  1732 | D:3      | Reached skill level 5 in Shields
  1732 | D:3      | Reached XP level 6. HP: 15/56 MP: 5/5
  2419 | D:3      | Reached skill level 5 in Armour
  2876 | D:4      | Reached ** piety under Trog
  2879 | D:4      | Found Fuynos's Assorted Antiques.
  2954 | D:4      | Identified the +11 rapier of the Whelk {holy, Will++ Int-4
                  | SInv Stlth+}
  3142 | D:4      | Reached skill level 6 in Axes
  3142 | D:4      | Reached XP level 7. HP: 60/61 MP: 6/6
  3941 | D:5      | Entered Level 5 of the Dungeon
  4273 | D:5      | Reached skill level 7 in Axes
  4288 | D:5      | Reached *** piety under Trog
  4441 | D:5      | Reached XP level 8. HP: 15/70 MP: 7/7
  4974 | D:6      | HP: 3/70 [orc warrior (12)]
  4976 | D:5      | HP: 1/70 [orc wizard (3)]
  4983 | D:5      | Reached skill level 8 in Axes
  5379 | D:6      | Found Ysuebu's General Store.
  5389 | D:6      | Bought a scroll of enchant weapon for 82 gold pieces
  5695 | D:6      | Found a staircase to the Ecumenical Temple.
  5718 | D:6      | Reached skill level 9 in Axes
  5727 | Temple   | Entered the Ecumenical Temple
  6315 | D:7      | Gained mutation: You tend to lose your temper in combat.
                  | [potion of mutation]
  6315 | D:7      | Gained mutation: You have large cloven feet. [potion of
                  | mutation]
  6328 | D:7      | Reached XP level 9. HP: 69/78 MP: 8/8
  6769 | D:7      | Reached **** piety under Trog
  6809 | D:7      | Noticed Joseph
  6819 | D:7      | Killed Joseph
  6820 | D:7      | Reached skill level 10 in Axes
  7528 | D:7      | Identified the +9 hunting sling of the Poles {freeze, rC+
                  | Str+3}
  7715 | D:7      | Found a radiant altar of Vehumet.
  7949 | D:8      | Found a runed translucent gate.
  7950 | D:8      | Found a runed translucent gate.
  8012 | D:8      | Found a runed translucent gate.
  8016 | D:8      | Noticed PeterMcNeter's ghost (novice GnFi)
  8023 | D:8      | Found Ofecheep's Armour Emporium.
  8890 | D:8      | HP: 4/81 [PeterMcNeter's ghost (5)]
  8894 | D:8      | HP: 1/81 [PeterMcNeter's ghost (4)]
  8894 | D:8      | Slain by PeterMcNeter's ghost

Illustrated notes

Levels and vault maps discovered:
D:1:      dpeg_arrival_ratfight, layout_loops_ring
D:2:      layout_basic, basic_altar
D:3:      minmay_recursive_quarters, layout_basic, ebering_ecumenical_altar_box
D:4:      kennysheep_kobold_camp, layout_rooms, serial_shops, shop
D:5:      layout_loops_ring
D:6:      layout_loops_ring, minmay_temple_entry_sparse_star, serial_shops,
          shop, minmay_misc_feat_secret_circle, minivault_25, st_stairs_12
D:7:      layout_layer_cave, lemuel_doored_altar, uniq_joseph
D:8:      layout_basic, gammafunk_ghost_spectres, serial_shops,
          nicolae_diamond_shop, serial_co_window_serial, co_window_paths_a,
          co_window_paths_a, co_window_corner_a, co_window_corner_a,
          co_window_of_opportunity_a, co_window_paths_a,
          co_window_of_opportunity_a, co_window_unsneaky_path_e,
          co_window_of_opportunity_b, co_window_2corner, co_window_2corner,
          glass_columns_b
Temple:   compressed_dpeg_circular_temple

Skill      XL: |  1  2  3  4  5  6  7  8  9 |
---------------+----------------------------+-----
Fighting       | 4 5 6 7 |  7.9
Shields        | 4 5 6 7 |  7.7
Armour         | 4 5 6 7 9 |  9.6
Axes           | 3 4 5 6 7 9 10 | 10.6
Dodging        | 2 |  2.3
Stealth        | |  0.4

Action                   |  1- 3 |  4- 6 |  7- 9 || total
-------------------------+-------+-------+-------++-------
Melee: War axe           |    90 |   149 |   322 ||   561
       Headbutt          |    11 |    20 |    63 ||    94
       Kick              |       |       |    34 ||    34
  Use: Scroll            |       |     2 |     2 ||     4
       Potion            |       |       |     7 ||     7
Armor: Scale mail        |    17 |       |       ||    17
       Chain mail        |    26 |    62 |    69 ||   157
       Plate armour      |       |       |    52 ||    52
Dodge: Dodged            |    26 |    39 |    64 ||   129
Block: Kite shield       |    40 |    70 |   153 ||   263

Table legend: (Time is in decaauts)
 A = Elapsed time spent in this place.
 B = Non-inter-level travel time spent in this place.
 C = Inter-level travel time spent in this place.
 D = Time resting spent in this place.
 E = Time spent auto-exploring this place.
 F = Levels seen in this place.
 G = Mean time per level.
                   A        B        C        D        E       F      G
               +--------+--------+--------+--------+--------+-----+--------+
         Total |   9121 |   9087 |     34 |   1358 |   5481 |   9 | 1013.4 |
       Dungeon |   9043 |   9009 |     34 |   1358 |   5481 |   8 | 1130.4 |
        Temple |     77 |     77 |      0 |      0 |      0 |   1 |   77.0 |
               +--------+--------+--------+--------+--------+-----+--------+

Top non-repeatable levels by time:
     D:7: 1818 daAuts
     D:3: 1458 daAuts
     D:4: 1322 daAuts
     D:5: 1294 daAuts
     D:8: 1021 daAuts
     D:6: 819 daAuts
     D:1: 792 daAuts
     D:2: 516 daAuts
  Temple: 77 daAuts
